 Dungeon Crawl Stone Soup version 0.27-a0-1154-gfdeffcb720 (webtiles) character file.

Game seed: 556161395461744674

214 ZappyNine the Fighter (level 6, 0/66 HPs)
             Began as a Formicid Fighter on May 14, 2021.
             Slain by an orc
             ... wielding a +2 hand axe of venom
              (5 damage)
             ... on level 3 of the Dungeon.
             The game lasted 00:02:14 (1974 turns).

ZappyNine the Fighter (Formicid Fighter)            Turns: 1974, Time: 00:02:14

Health: 0/66       AC: 10    Str: 22    XL:     6   Next: 15%
Magic:  6/6        EV:  8    Int: 14    God:
Gold:   51         SH:  0    Dex: 10    Spells: 5/5 levels left

rFire    . . .     SeeInvis +   a - +0 long sword
rCold    . . .     Faith    .   c - +0 kite shield
rNeg     . . .     Spirit   .   b - +0 scale mail
rPois    .         Reflect  .   (helmet unavailable)
rElec    .         Harm     .   (no cloak)
rCorr    .         Rampage  .   (no gloves)
Will     .....                  h - +2 pair of boots
Stlth    ..........             (no amulet)
HPRegen  0.21/turn              i - +6 ring of intelligence
MPRegen  0.10/turn              (no ring)

@: confused, lethally poisoned (0 -> -12), ambrosia-drunk, very slightly
contaminated, invisible
A: permanent stasis, dig shafts and tunnels, antennae 3, four strong arms
a: Dig, Shaft Self


You were on level 3 of the Dungeon.
You visited 1 branch of the dungeon, and saw 3 of its levels.

You collected 51 gold pieces.

Inventory:

Hand Weapons
 a - a +0 long sword (weapon)
Missiles
 m - a throwing net
Armour
 b - a +0 scale mail (worn)
 c - a +0 kite shield (worn)
 h - a +2 pair of boots (worn)
Jewellery
 i - a +6 ring of intelligence (left hand)
Scrolls
 e - a scroll of fear {unknown}
 g - a scroll of vulnerability {unknown}
 j - a scroll of identify {unknown}
 l - a scroll of brand weapon {unknown}
 q - a scroll of fog {unknown}
Potions
 d - a potion of might
 p - a potion of heal wounds {unknown}


   Skills:
 + Level 13.3 Fighting
 - Level 2.0 Long Blades
 + Level 4.4 Armour
 + Level 4.9 Shields


You had 5 spell levels left.
You didn't know any spells.
Your spell library contained the following spells:

 Spells                   Type           Power      Damage    Failure   Level
 Animate Skeleton         Necr           0%         N/A       86%         1
 Apportation              Tloc           0%         N/A       86%         1
 Corona                   Hex            0%         N/A       86%         1
 Magic Dart               Conj           0%         1d3       86%         1
 Pain                     Necr           0%         1d4       86%         1
 Summon Small Mammal      Summ           0%         N/A       86%         1
 Searing Ray              Conj           0%         3d3       95%         2
 Dazzling Flash           Conj/Hex       0%         N/A       99%         3
 Vampiric Draining        Necr           0%         2d6       99%         3
 Animate Dead             Necr           0%         N/A       100%        4
 Fulminant Prism          Conj/Hex       0%         3d6       100%        4
 Iskenderun's Mystic Bla  Conj/Tloc      0%         2d3       100%        4
 Agony                    Necr           0%         N/A       100%        5


Dungeon Overview and Level Annotations

Branches:
Dungeon (3/15)

Altars:
Trog
Vehumet

Shops:
D:1 (

Annotations:
D:3 exclusion: statue


Innate Abilities, Weirdness & Mutations

You cannot be hasted, slowed, berserked, paralysed or teleported.
You can dig through walls and to a lower floor.
You have a pair of large antennae on your head. (SInv)
Your four strong arms can wield two-handed weapons with a shield.


Message History

The orc is moderately wounded.
The orc barely misses you.
You riposte.
You closely miss the orc.
The orc is moderately wounded.
You block the orc's attack.
You hit the orc but do no damage.
The orc is moderately wounded.
The orc hits you with a +2 hand axe of venom.
* * * LOW HITPOINT WARNING * * *
You are lethally poisoned!
The kobold throws a stone.
The stone hits you but does no damage.
It was a potion of invisibility.
You fade into invisibility!
* * * LOW HITPOINT WARNING * * *
You feel very sick.
The kobold throws a stone.
The stone barely misses you.
The orc hits you with a +2 hand axe of venom.
* * * LOW HITPOINT WARNING * * *
You are more poisoned.
You are very lightly contaminated with residual magic.
It was a potion of experience.
You feel more experienced!
Your Fighting skill gained 9 levels and is now at level 13!
You have reached level 6!
Your experience leads to an increase in your attributes!
Your base attributes are Str 21, Int 8, Dex 10.
Increase (S)trength, (I)ntelligence, or (D)exterity?
You feel stronger.
* * * LOW HITPOINT WARNING * * *
You feel very sick.
The kobold throws a stone.
The stone hits you.
* * * LOW HITPOINT WARNING * * *
The orc barely misses you.
A worm comes into view.
It was a potion of ambrosia.
You are confused.
You feel invigorated.
* * * LOW HITPOINT WARNING * * *
You feel very sick.
The orc hits you with a +2 hand axe of venom.
You die...

#.# #w# #.# #..#### #.#
#..... #.# #..... #.
#.####### #..... #.
#.......# #.....###
#.##.......#
#.....#o###.##.......##
#.....@#{##.##.........
#....K##{##.##.>....###
#.....##.##............
#....o..{....#......###
#####........#......#
#.?......#....†.# #
##K.o....#....†.###
#.......#........#
#.####..#.######.#


You could see a worm (wandering), 2 orcs and a kobold.

Vanquished Creatures
  Jessica (D:2)
  4 adders
  A worm (D:3)
  8 ball pythons
  3 bats
  2 endoplasms (D:1)
  A giant cockroach (D:1)
  5 goblins
  4 hobgoblins
  5 jackals (D:1)
  A quokka (D:3)
  2 frilled lizards (D:2)
  5 kobolds
  3 rats
45 creatures vanquished.

Vanquished Creatures (others)
  6 fungi
  9 plants
15 creatures vanquished.

Grand Total: 60 creatures vanquished

Notes
Turn   | Place    | Note
-------+----------+-------------------------------------------
     0 | D:1      | ZappyNine the Formicid Fighter began the quest for the Orb.
     0 | D:1      | Reached XP level 1. HP: 18/18 MP: 1/1
    94 | D:1      | Reached XP level 2. HP: 4/24 MP: 2/2
   434 | D:1      | Found Ruden's Antique Weapon Shop.
   671 | D:1      | Reached XP level 3. HP: 26/29 MP: 3/3
  1044 | D:2      | Reached XP level 4. HP: 31/37 MP: 4/4
  1453 | D:2      | Noticed Jessica
  1459 | D:2      | Killed Jessica
  1460 | D:2      | Reached skill level 4 in Fighting
  1519 | D:2      | Found a faded altar of an unknown god.
  1737 | D:3      | Reached XP level 5. HP: 42/42 MP: 5/5
  1867 | D:3      | Found a radiant altar of Vehumet.
  1867 | D:3      | Noticed a charred statue
  1886 | D:3      | Found a bloodstained altar of Trog.
  1973 | D:3      | Reached skill level 13 in Fighting
  1973 | D:3      | Reached XP level 6. HP: 10/66 MP: 6/6
  1974 | D:3      | Slain by an orc

Illustrated notes

Levels and vault maps discovered:
D:1:      minmay_arrival_four_houses, layout_rooms, serial_shops, shop
D:2:      layout_basic, shapermc_ecumenical_altar_mp_urbaneastern, uniq_jessica
D:3:      layout_basic, grunt_temple_overflow_forces_of_nature,
          lightli_temple_of_fire, vehumet_statue

Skill      XL: |  1  2  3  4  5 |
---------------+----------------+-----
Shields        | 4 |  4.9
Armour         | 4 |  4.4
Fighting       | 4 13 | 13.3
Long Blades    | |  2.0

Action                   |  1- 3 |  4- 6 || total
-------------------------+-------+-------++-------
Melee: Long sword        |    73 |    55 ||   128
 Abil: Dig               |     4 |     1 ||     5
  Use: Potion            |       |     3 ||     3
Armor: Scale mail        |    36 |    32 ||    68
Dodge: Dodged            |    30 |    30 ||    60
Block: Kite shield       |    43 |    29 ||    72
       Rpst.: Long sword |    13 |    12 ||    25

Table legend: (Time is in decaauts)
 A = Elapsed time spent in this place.
 B = Non-inter-level travel time spent in this place.
 C = Inter-level travel time spent in this place.
 D = Time resting spent in this place.
 E = Time spent auto-exploring this place.
 F = Levels seen in this place.
 G = Mean time per level.
                   A        B        C        D        E       F      G
               +--------+--------+--------+--------+--------+-----+--------+
         Total |   2031 |   2011 |     20 |    278 |   1344 |   3 |  677.0 |
       Dungeon |   2031 |   2011 |     20 |    278 |   1344 |   3 |  677.0 |
               +--------+--------+--------+--------+--------+-----+--------+

Top non-repeatable levels by time:
     D:1: 867 daAuts
     D:2: 852 daAuts
     D:3: 312 daAuts
